 Dungeon Crawl Stone Soup version 0.21.1-1-g345015fe64 (webtiles) character file.

77 JarielCorvus the Shooter (level 4, -5/35 HPs)
             Began as a Centaur Arcane Marksman on June 30, 2018.
             Slain by a gnoll
             ... wielding a +0 spear
              (6 damage)
             ... on level 2 of the Dungeon.
             The game lasted 00:05:27 (1398 turns).

JarielCorvus the Shooter (Centaur Arcane Marksman)  Turns: 1398, Time: 00:05:27

Health: -5/35      AC:  5    Str: 12    XL:     4   Next: 14%
Magic:  6/6        EV: 10    Int: 13    God:
Gold:   116        SH:  0    Dex: 10    Spells: 3/6 levels left

rFire    . . .     SeeInvis .   d - -2 dagger (curse)
rCold    . . .     Gourm    .   (no shield)
rNeg     . . .     Faith    .   e - +1 robe
rPois    .         Spirit   .   (no helmet)
rElec    .         Reflect  .   (no cloak)
rCorr    .         Harm     .   (no gloves)
MR       .....                  (no barding)
Stlth    +.........             i - amulet of regeneration
HPRegen  0.51/turn              (no ring)
MPRegen  0.10/turn              (no ring)

@: very quick
A: large, hooves 3, deformed body, speed 2, tough skin 3
a: no special abilities


You were on level 2 of the Dungeon.
You were very hungry.

You visited 1 branch of the dungeon, and saw 2 of its levels.

You collected 116 gold pieces.

Inventory:

Hand Weapons
 a - a +0 shortbow
 d - a cursed -2 dagger (weapon)
Missiles
 n - 8 arrows
Armour
 e - a +1 robe (worn)
Jewellery
 i - an amulet of regeneration (around neck)
Scrolls
 h - 4 scrolls of enchant armour
Potions
 b - a potion of ambrosia {unknown}
 j - a potion of brilliance {unknown}
 l - a potion of lignification {unknown}
 m - a potion of agility {unknown}
Books
 c - a book of Debilitation

   Spells                             Type                      Level
   a - Corona                         Hexes                        1
   b - Slow                           Hexes                        2
   c - Inner Flame                    Hexes/Fire                   3
   d - Portal Projectile              Hexes/Translocation          3
   e - Cause Fear                     Hexes                        4
   f - Leda's Liquefaction            Hexes/Earth                  4
Comestibles
 f - 2 rations


   Skills:
 + Level 1.5 Fighting
 * Level 4.0 Bows
 + Level 1.7 Dodging
 * Level 1.8 Spellcasting
 + Level 3.0 Hexes


You had 3 spell levels left.
You knew the following spells:

 Your Spells              Type           Power        Failure   Level  Hunger
a - Corona                Hex            #......      8%          1    ##.....
b - Slow                  Hex            #.......     11%         2    ###....


Dungeon Overview and Level Annotations

Branches:
Dungeon (2/15)

Altars:
Trog


Innate Abilities, Weirdness & Mutations

You have hooves in place of feet.
Armour fits poorly on your strangely shaped body.
You cover ground very quickly.
You have extremely tough skin. (AC +3)


Message History

The gnoll is lightly wounded.
The gnoll closely misses you. The gnoll barely misses you.
You hit the gnoll but do no damage.
The gnoll is lightly wounded.
The gnoll hits you but does no damage. x2
You hit the gnoll.
The gnoll is moderately wounded.
The gnoll hits you but does no damage.
The gnoll hits you from afar with a spear.
* * * LOW HITPOINT WARNING * * *
You hit the gnoll. Your kick misses the gnoll.
The gnoll is moderately wounded.
The gnoll closely misses you.
The gnoll hits you from afar with a spear.
* * * LOW HITPOINT WARNING * * *
You hit the gnoll.
The gnoll is heavily wounded.
The gnoll barely misses you.
The gnoll hits you from afar with a spear.
You die...

...........##.###..#.#...###.....
.................................
#.#...####.##.###..#.#...###.#.#.
#.#...........###............#.#.
#.....#.##.##............†##.#...
..g..!.................#..##.###.
.......................<..##.###.
..#...........g##.#..#.#.........
...............g@.........#######
..#...#.##.##.######...##.#
........##.##.# #...##.#
..............######...##.#
........##.##.............#######
........##.##..#####.............
#..#.###.##..# ###>.#########
........##..# #..#
............#######..########


You could see 2 gnolls.

Vanquished Creatures
  An adder (D:2)
  A gnoll (D:2)
  An ooze (D:1)
  3 worms (D:2)
  A leopard gecko (D:1)
  A ball python (D:2)
  5 bats
  7 hobgoblins
  7 jackals
  9 kobolds
  A quokka (D:2)
  5 rats
42 creatures vanquished.

Notes
Turn   | Place    | Note
-------+----------+-------------------------------------------
     0 | D:1      | JarielCorvus the Centaur Arcane Marksman began the quest for the Orb.
     0 | D:1      | Reached XP level 1. HP: 16/16 MP: 2/2
   109 | D:1      | Reached skill level 3 in Bows
   113 | D:1      | Reached XP level 2. HP: 23/23 MP: 3/3
   215 | D:1      | Learned a level 2 spell: Slow
   674 | D:1      | Reached XP level 3. HP: 28/28 MP: 3/5
   917 | D:2      | Noticed a moth of wrath
   920 | D:2      | Found a bloodstained altar of Trog.
  1383 | D:2      | Reached XP level 4. HP: 34/35 MP: 6/6
  1388 | D:2      | Reached skill level 4 in Bows
  1396 | D:2      | HP: 1/35 [gnoll/spear (4)]
  1398 | D:2      | Slain by a gnoll

Skill      XL: |  1  2  3  4 |
---------------+-------------+-----
Bows           | 3 4 |  4.0
Hexes          | 3 |  3.0
Fighting       | |  1.5
Dodging        | |  1.7
Spellcasting   | |  1.8

Action                   |  1- 3 |  4- 6 || total
-------------------------+-------+-------++-------
Melee: Dagger            |    51 |    15 ||    66
       Kick              |    12 |     2 ||    14
 Fire: Shortbow          |   110 |       ||   110
 Cast: Corona            |    16 |       ||    16
  Use: Scroll            |     7 |       ||     7
Armor: Robe              |    36 |     6 ||    42
Dodge: Dodged            |    53 |    11 ||    64
